 Dungeon Crawl Stone Soup version 0.17.0-28-g6e173f8 (webtiles) character file.

2396 coffecat the Cleaver (level 9, 0/121 HPs)
             Began as a Minotaur Berserker on Nov 27, 2015.
             Was an Elder of Trog.
             Slain by a gnoll sergeant
             ... wielding a +0 trident
              (8 damage)
             ... on level 7 of the Dungeon.
             The game lasted 00:30:34 (4227 turns).

coffecat the Cleaver (Minotaur Berserker)           Turns: 4227, Time: 00:30:34

Health: 0/121      AC:  9    Str: 30    XL:     9   Next: 22%
Magic:  8/8        EV: 13    Int:  4    God:    Trog [****..]
Gold:   124        SH:  0    Dex: 10    Spells: 0 memorised, 8 levels left

rFire  . . .     SeeInvis .     a - +0 hand axe
rCold  . . .     Clarity  .     l - +0 scale mail
rNeg   . . .     SustAt   .     (no shield)
rPois  .         Gourm    .     (helmet restricted)
rElec  .         Spirit   .     (no cloak)
rCorr  .         Warding  .     (no gloves)
rMut   .         Stasis   .     f - +0 pair of boots
MR     .....                    (no amulet)
Stlth  ..........               (no ring)
                                (no ring)

@: berserking, very quick, not resistant to hostile enchantments, extremely
unstealthy
A: retaliatory headbutt, horns 2
a: Berserk, Trog's Hand, Brothers in Arms, Burn Spellbooks, Renounce Religion


You were on level 7 of the Dungeon.
You worshipped Trog.
Trog was greatly pleased with you.
You were hungry.

You visited 1 branch of the dungeon, and saw 7 of its levels.

You collected 124 gold pieces.

Inventory:

Hand Weapons
 a - a +0 hand axe (weapon)
 i - a cursed -2 shortbow
Armour
 b - a +0 animal skin
 f - a +0 pair of boots (worn)
 l - a +0 scale mail (worn)
Jewellery
 g - an uncursed ring of protection from magic {unknown}
 j - a cursed ring of loudness {unknown}
Wands
 p - a wand of frost (11)
Scrolls
 h - 2 scrolls of identify {unknown}
 k - a scroll of amnesia {unknown}
 m - 2 scrolls of remove curse {unknown}
 o - 2 scrolls of random uselessness {unknown}
 q - a scroll of fog {unknown}
 s - a scroll of fear {unknown}
Potions
 d - 5 potions of curing {unknown}
 e - a potion of lignification {unknown}
 n - a potion of might {unknown}
 r - a potion of mutation {unknown}
 t - a potion of heal wounds {unknown}
Comestibles
 c - a bread ration
 u - 2 chunks of flesh


   Skills:
 + Level 7.9 Fighting
 + Level 8.1 Axes
 + Level 1.5 Bows
 + Level 6.8 Armour
 + Level 7.7 Dodging
 + Level 1.8 Stealth


You had 8 spell levels left.
You didn't know any spells.

Dungeon Overview and Level Annotations

Branches:
Dungeon (7/15)             Temple (0/1) D:4

Altars:
Gozag
Vehumet


Innate Abilities, Weirdness & Mutations

You reflexively headbutt those who attack you in melee.
You have a pair of horns on your head.


Message History

You hit the gnoll shaman.
The gnoll shaman is severely wounded.
The gnoll sergeant hits you but does no damage.
You closely miss the gnoll sergeant.
Your headbutt misses the gnoll sergeant.
The gnoll sergeant is moderately wounded.
You slash the gnoll shaman!
You kill the gnoll shaman!
Trog accepts your kill. The gnoll hits you but does no damage.
The gnoll sergeant barely misses you.
You hit the gnoll sergeant. You headbutt the gnoll sergeant.
The gnoll sergeant is severely wounded.
The gnoll sergeant barely misses you. The gnoll closely misses you.
You hit the gnoll sergeant but do no damage.
The gnoll sergeant is severely wounded.
You hit the gnoll sergeant.
Your headbutt misses the gnoll sergeant.
The gnoll sergeant is almost dead.
The gnoll sergeant hits you with a trident!
You die...

.(# #♣PP.(#............ #.
.g######..................
#.
..#....)(.......##........
#.
..#.)>)'))................
...
.c(.$..†........###.######
####
')######♣.............. .
.†...#PPPPP..##g...#####
##
.()).#♣PP♣...#.g))......
.....#♣PPPP.####@.......
######♣P♣...# #........
..P PPP...# #........ ..P
P♣.....# #........ ..♣P
#........ .... #........
..... ####..... .....
.....


You could see a gnoll sergeant and a gnoll.

Vanquished Creatures
  The ghost of Nicoed the Changer, a novice DrTm of Makhleb (D:7)
  A sky beast (D:5)
  An ice beast (D:6)
  6 ogres
  4 centaurs
  A gnoll sergeant (D:7)
  A scorpion (D:6)
  A water moccasin skeleton (D:4)
  A crimson imp (D:6)
  2 hounds
  6 orc wizards
  An orc priest (D:7)
  A gnoll shaman (D:7)
  4 worker ants
  An iguana (D:4)
  6 adders
  8 gnolls (D:7)
  A shadow imp (D:6)
  2 adder skeletons
  4 giant geckos
  21 orcs
  3 bats
  6 goblins
  12 hobgoblins
  13 jackals
  3 quokkas
  6 giant newts
  9 kobolds
  5 rats
131 creatures vanquished.

Vanquished Creatures (others)
  A giant gecko (D:1)
1 creature vanquished.

Grand Total: 132 creatures vanquished

Notes
Turn   | Place    | Note
--------------------------------------------------------------
     0 | D:1      | coffecat the Minotaur Berserker began the quest for the Orb.
     0 | D:1      | Reached XP level 1. HP: 19/19 MP: 0/0
   209 | D:1      | Reached XP level 2. HP: 25/27 MP: 1/1
   209 | D:1      | Reached skill level 4 in Axes
   433 | D:2      | Reached XP level 3. HP: 23/33 MP: 2/2
   608 | D:3      | Reached ** piety under Trog
   948 | D:3      | Reached XP level 4. HP: 24/41 MP: 3/3
  1612 | D:4      | Reached skill level 5 in Axes
  1717 | D:4      | Noticed a centaur
  1726 | D:4      | Reached XP level 5. HP: 41/47 MP: 4/4
  1730 | D:4      | Killed a centaur
  1730 | D:4      | Reached skill level 5 in Fighting
  1745 | D:4      | Reached XP level 6. HP: 28/56 MP: 5/5
  1937 | D:4      | Noticed an ogre
  1949 | D:4      | Killed an ogre
  1949 | D:4      | Reached skill level 1 in Stealth
  1966 | D:5      | Entered Level 5 of the Dungeon
  2303 | D:4      | Found a staircase to the Ecumenical Temple.
  2322 | D:5      | Reached skill level 6 in Axes
  2392 | D:5      | Found an opulent altar of Gozag.
  2408 | D:5      | Reached *** piety under Trog
  2449 | D:5      | Reached XP level 7. HP: 51/61 MP: 6/6
  2659 | D:5      | Reached skill level 5 in Dodging
  2993 | D:6      | Reached skill level 1 in Bows
  3253 | D:6      | Found a radiant altar of Vehumet.
  3291 | D:6      | Reached XP level 8. HP: 70/70 MP: 7/7
  3429 | D:6      | Reached skill level 7 in Axes
  3915 | D:7      | Noticed Nicoed's ghost (novice DrTm)
  3924 | D:7      | Killed Nicoed's ghost
  4067 | D:7      | Reached XP level 9. HP: 79/79 MP: 8/8
  4161 | D:7      | Reached **** piety under Trog
  4216 | D:7      | Reached skill level 8 in Axes
  4227 | D:7      | Slain by a gnoll sergeant

Action                   |  1- 3 |  4- 6 |  7- 9 || total
-------------------------+-------+-------+-------++-------
Melee: Hand axe          |    78 |   119 |   170 ||   367
 Fire: Shortbow          |       |    13 |       ||    13
Invok: Berserk           |     1 |     3 |     6 ||    10
       Trog's Hand       |       |     1 |     2 ||     3
  Eat: Chunk             |     1 |     6 |       ||     7
       Bread ration      |       |     1 |     2 ||     3
